 Dungeon Crawl Stone Soup version 0.30-a0-772-g5528072125 (webtiles) character file.

Game seed: 2823927894076488134

12315 Crownlay the Thaumaturge (level 11, -3/54 HPs)
             Began as a Gargoyle Earth Elementalist on Feb 12, 2023.
             Was a Follower of Vehumet.
             Shot with a bolt by a yaktaur (25 damage)
             ... on level 10 of the Dungeon.
             The game lasted 00:16:52 (10355 turns).

Crownlay the Thaumaturge (GrEE)                    Turns: 10355, Time: 00:16:53

Health: -3/54      AC: 18    Str: 16    XL:     11   Next: 91%
Magic:  23/26      EV: 11    Int: 20    God:    Vehumet [*.....]
Gold:   521        SH:  7    Dex: 10    Spells: 28/32 levels left

rFire   . . .      SeeInvis .    h - +4 dagger (venom)
rCold   . . .      Faith    .    A - +2 buckler
rNeg    + . .      Spirit   .    C - +0 steam dragon scales
rPois   ∞          Reflect  .    z - +0 helmet
rElec   +          Harm     .    j - +2 cloak of Benevolence {Str+4}
rCorr   .          Rampage  .    u - +0 pair of gloves
Will    .....                    (no boots)
Stlth   ++                       (no amulet)
HPRegen 0.29/turn                (no ring)
MPRegen 0.20/turn                (no ring)

@: no status effects
A: sickness immunity, AC +8, negative energy resistance 1, electricity
resistance, torment resistance 1, petrification resistance
a: Renounce Religion


You were on level 10 of the Dungeon.
You worshipped Vehumet.
Vehumet was aware of your devotion.
You visited 2 branches of the dungeon, and saw 11 of its levels.

You collected 560 gold pieces.
You spent 39 gold pieces at shops.

Inventory:

Hand Weapons
 h - a +4 dagger of venom (weapon)
Armour
 j - the +2 cloak of Benevolence (worn) {Str+4}
   (You found it on level 2 of the Dungeon)

   Str:       It affects your strength (+4).
 u - a +0 pair of gloves (worn)
 z - a +0 helmet (worn)
 A - a +2 buckler (worn)
 C - +0 steam dragon scales (worn)
 G - a +1 robe of cold resistance
Magical Staves
 w - a staff of conjuration
 J - a staff of conjuration
Jewellery
 a - a ring of flight
 g - an amulet of faith
 n - an amulet of reflection
Wands
 q - a wand of charming (19)
 t - a wand of flame (66)
 y - a wand of digging (4)
 F - a wand of light (13)
 H - a wand of iceblast (4)
Scrolls
 c - a scroll of immolation {unknown}
 i - 2 scrolls of magic mapping
 k - 2 scrolls of blinking
 m - 3 scrolls of vulnerability
 o - a scroll of brand weapon {unknown}
 p - 2 scrolls of teleportation
 r - 2 scrolls of noise
 x - 3 scrolls of silence
 D - 2 scrolls of poison {unknown}
 E - a scroll of acquirement {unknown}
 K - a scroll of fog {unknown}
Potions
 b - a potion of magic
 d - 3 potions of haste
 e - 2 potions of invisibility
 f - 3 potions of flight
 l - a potion of brilliance {unknown}
 s - 3 potions of attraction
 v - 3 potions of curing
 B - 4 potions of heal wounds


   Skills:
 - Level 1.5 Dodging
 - Level 2.1 Stealth
 + Level 6.8 Shields
 * Level 11.2 Spellcasting
 + Level 5.9 Conjurations
 + Level 5.0 Summonings
 + Level 4.6 Necromancy
 - Level 0.7 Transmutations
 + Level 10.7 Earth Magic


You had 28 spell levels left.
You knew the following spells:

 Your Spells              Type           Power      Damage    Failure   Level
a - Sandblast             Erth           100%       2d20      1%          1
b - Stone Arrow           Conj/Erth      88%        3d12      1%          3

Your spell library contained the following spells:

 Spells                   Type           Power      Damage    Failure   Level
 Momentum Strike          Conj/Tloc      46%        3d9       3%          2
 Passwall                 Tmut/Erth      28%        N/A       1%          2
 Dazzling Flash           Conj/Hex       46%        N/A       7%          3
 Petrify                  Tmut/Erth      34%        N/A       8%          4
 Wereblood                Tmut           14%        N/A       9%          2
 Mephitic Cloud           Conj/Pois/Air  19%        N/A       11%         3
 Poisonous Vapours        Pois/Air       22%        N/A       12%         2
 Scorch                   Fire           22%        2d6       12%         2
 Flame Wave               Conj/Fire      23%        2d8       22%         4
 Sticky Flame             Conj/Fire      23%        2d4       22%         4
 Frozen Ramparts          Ice            22%        1d4       24%         3
 Inner Flame              Hex/Fire       11%        N/A       24%         3
 Summon Ice Beast         Ice/Summ       21%        N/A       28%         4
 Agony                    Necr           29%        N/A       32%         5
 Ice Form                 Ice/Tmut       12%        N/A       54%         4
 Summon Cactus Giant      Summ           15%        N/A       83%         6
 Silence                  Hex/Air        5%         N/A       91%         5
 Summon Hydra             Summ           15%        N/A       100%        7
 Sublimation of Blood     Necr           Unusable   N/A       N/A         2
 Cigotuvi's Dreadful Rot  Necr/Pois/Air  Unusable   N/A       N/A         2

Dungeon Overview and Level Annotations

Branches:
Dungeon (10/15)            Temple (1/1) D:7            Lair (0/5) D:8
    Orc: D:9-12

Altars:
Ashenzari
Cheibriados
Dithmenos
Elyvilon
Fedhas
Gozag
Hepliaklqana
Kikubaaqudgha
Makhleb
Nemelex Xobeh
Okawaru
Qazlal
Ru
Sif Muna
Trog
Uskayaw
Vehumet
Wu Jian
Xom
Yredelemnul
Zin
The Shining One

Shops:
D:9 !


Innate Abilities, Weirdness & Mutations

You are immune to sickness and miasma.
Your stone body is resilient. (AC +8)
You are immune to poison.
You resist negative energy. (rN+)
You are resistant to electric shocks. (rElec)
You are resistant to unholy torment.
You are immune to petrification.


Message History

The shadow slips into darkness.
The shadow flickers and vanishes!
Deactivating autopickup; reactivate with Ctrl-A.
The yaktaur shoots a bolt.
The bolt hits you!!
The shadow strikes at you from the darkness!
Reactivating autopickup.
You are too injured to fight recklessly!
Casting: Sandblast (safe; 1% risk of failure)
Confirm with . or Enter, or press ? or * to list all spells.
Aiming: Sandblast (safe; 1% risk of failure)
Press: ? - help, Shift-Dir - straight line, f/p - shadow
Aim: a shadow (almost destroyed, 85% to hit)
The blast of sand hits the shadow!
You destroy the shadow!
Vehumet accepts your kill.
You feel your power returning.
The yaktaur shoots a bolt.
The bolt hits you.
The yaktaur shoots a bolt.
The bolt barely misses you.
Your Summonings skill increases to level 5!
You start removing your amulet.
You continue taking off your amulet of faith.
The yaktaur zaps a wand.
Keep disrobing?
The bolt of light misses you.
You continue taking off your amulet of faith.
The yaktaur shoots a bolt.
The bolt barely misses you.
You continue taking off your amulet of faith.
The yaktaur shoots a bolt.
You block the bolt.
You continue taking off your amulet of faith.
The yaktaur shoots a bolt.
You block the bolt.
You finish taking off your amulet of faith.
Vehumet seems less interested in you.
You feel less pious.
Casting: Sandblast (safe; 1% risk of failure)
Confirm with . or Enter, or press ? or * to list all spells.
Aiming: Stone Arrow (safe; 1% risk of failure)
Press: ? - help, Shift-Dir - straight line, f - yaktaur
Aim: a yaktaur, wielding a +0 arbalest, wearing +1 fire dragon scales and carrying a wand of light (2) (98% to hit)
The stone arrow hits the yaktaur!!
The yaktaur is heavily wounded.
The yaktaur shoots a bolt.
The bolt hits you!!
You die...

#.# #.#.# #.#.....#.# #
.# #..#..##..###..#.# ##
.# #..###..#..##W.##.#
.## .#
#..##.##....#..##..# ..##
.#..##...##.....##..#
...###.###.....###.###..#
....†........#.........#
...###........######.###
...# ##..##..c..@....#
...# #.......########
#### ##[#..#.# ###
#.#.##.# ..######(#.##.#
#.............#
...#####.#.####
......##.#.# #..##......#


You could see a yaktaur.

Vanquished Creatures
  A catoblepas (D:10)
  Erica (D:9)
  A boulder beetle (D:9)
  A two-headed ogre (D:9)
  Pikel (D:8)
  2 gargoyles (D:10)
  2 shadows (D:10)
  2 wraiths (D:9)
  4 wyverns
  A basilisk (D:8)
  13 yaks
  Grum (D:8)
  A steam dragon (D:6)
  An acid dragon (D:10)
  6 water moccasins
  An orc warrior (D:10)
  4 ice beasts
  2 black bears (D:6)
  4 sky beasts
  3 wolves (D:8)
  6 ogres
  A centaur (D:6)
  3 phantoms
  4 kobold brigands
  3 bullfrogs
  3 necrophages
  A gnoll sergeant (D:8)
  6 scorpions
  A wight (D:8)
  5 killer bees
  2 howler monkeys
  2 orc priests
  5 jellies
  A gnoll bouda (D:7)
  5 hounds
  4 iguanas
  Ijyb (D:3)
  7 orc wizards
  14 gnolls
  13 adders
  A shadow imp (D:7)
  A white imp (D:7)
  3 ufetubi
  2 worms
  2 dart slugs
  17 orcs
  9 ball pythons
  11 endoplasms
  4 giant cockroaches
  5 goblins
  10 hobgoblins
  7 quokkas
  9 bats
  A frilled lizard (D:2)
  13 kobolds
  5 rats (D:1)
239 creatures vanquished.

Vanquished Creatures (collateral kills)
  A kobold demonologist (D:9)
1 creature vanquished.

Vanquished Creatures (others)
  3 bushes (D:8)
  8 fungi
  22 plants
33 creatures vanquished.

Grand Total: 273 creatures vanquished

Notes
Turn   | Place    | Note
-------+----------+-------------------------------------------
     0 | D:1      | Crownlay the Gargoyle Earth Elementalist began the quest
                  | for the Orb.
     0 | D:1      | Reached XP level 1. HP: 10/10 MP: 3/3
   218 | D:1      | Reached XP level 2. HP: 15/15 MP: 3/5
   715 | D:1      | Reached XP level 3. HP: 19/19 MP: 4/7
   848 | D:1      | Reached skill level 3 in Spellcasting
  1172 | D:2      | Identified the +2 cloak of Benevolence {Str+4}
  2105 | D:3      | Reached XP level 4. HP: 24/24 MP: 6/9
  2494 | D:3      | Noticed Ijyb
  2516 | D:3      | Killed Ijyb
  3113 | D:4      | Reached skill level 4 in Spellcasting
  3113 | D:4      | Reached XP level 5. HP: 28/28 MP: 8/11
  3192 | D:4      | Reached skill level 5 in Earth Magic
  3696 | D:4      | Reached XP level 6. HP: 32/32 MP: 10/13
  3707 | D:4      | Reached skill level 5 in Spellcasting
  3989 | D:4      | Reached XP level 7. HP: 36/36 MP: 11/15
  4097 | D:4      | Found a sparkling altar of Nemelex Xobeh.
  4261 | D:5      | Entered Level 5 of the Dungeon
  4269 | D:4      | Reached skill level 6 in Spellcasting
  4332 | D:4      | Learned a level 3 spell: Stone Arrow
  4598 | D:5      | Reached XP level 8. HP: 41/41 MP: 15/18
  4644 | D:5      | Reached skill level 7 in Spellcasting
  4654 | D:5      | HP: 1/41 [ogre/+0 giant club (9)]
  5437 | D:6      | Reached skill level 1 in Shields
  5475 | D:6      | Reached skill level 8 in Spellcasting
  5777 | D:6      | Reached XP level 9. HP: 45/45 MP: 15/21
  5874 | D:6      | Reached skill level 1 in Conjurations
  5876 | D:6      | Reached skill level 1 in Summonings
  5878 | D:6      | Reached skill level 1 in Necromancy
  6210 | D:6      | Reached skill level 9 in Spellcasting
  6847 | D:7      | You fall into a shaft and drop 1 floor!
  7141 | D:7      | Reached XP level 10. HP: 50/50 MP: 21/23
  7330 | D:7      | Found a staircase to the Ecumenical Temple.
  7339 | Temple   | Entered the Ecumenical Temple
  7512 | Temple   | Became a worshipper of Vehumet
  7657 | D:8      | Noticed Pikel
  7746 | D:8      | Killed Pikel
  7974 | D:8      | Reached skill level 5 in Shields
  7981 | D:8      | Noticed Grum
  8104 | D:8      | Reached skill level 10 in Spellcasting
  8186 | D:8      | Reached * piety under Vehumet
  8186 | D:8      | Offered knowledge of Freeze by Vehumet.
  8203 | D:8      | Killed Grum
  8565 | D:8      | Reached skill level 10 in Earth Magic
  8565 | D:8      | Reached XP level 11. HP: 40/54 MP: 16/25
  8646 | D:8      | Found a staircase to the Lair.
  8852 | D:9      | Noticed a two-headed ogre
  8859 | D:9      | Killed a two-headed ogre
  8931 | D:9      | Found Taysou's Distillery.
  8956 | D:9      | Bought a potion of curing for 39 gold pieces
  9034 | D:9      | Noticed Erica
  9040 | D:9      | Killed Erica
  9041 | D:9      | Reached skill level 5 in Conjurations
  9057 | D:9      | Found an iron altar of Okawaru.
  9307 | D:9      | Noticed a boulder beetle
  9329 | D:9      | Killed a boulder beetle
  9329 | D:9      | Reached ** piety under Vehumet
  9329 | D:9      | Offered knowledge of Momentum Strike by Vehumet.
  9625 | D:10     | Entered Level 10 of the Dungeon
  9832 | D:10     | Reached skill level 11 in Spellcasting
 10041 | D:10     | Noticed a catoblepas
 10054 | D:10     | Killed a catoblepas
 10137 | D:10     | Identified the +10 falchion "Omomm" {flame, Str+2}
 10137 | D:10     | Noticed a wizard
 10141 | D:10     | Noticed a seven-headed hydra
 10328 | D:10     | Noticed a cyclops
 10349 | D:10     | Reached skill level 5 in Summonings
 10355 | D:10     | Shot with a bolt by a yaktaur

Illustrated notes

Levels and vault maps discovered:
D:1:      dpeg_arrival_round_c, layout_loops_cross
D:2:      layout_basic
D:3:      layout_loops_ring, uniq_ijyb
D:4:      minmay_chambers_of_threes, layout_loops_ring,
          nemelex_xobeh_ov_fountains_minmay
D:5:      minmay_recursive_quarters, layout_loops_ring
D:6:      minmay_razor_zed, layout_basic
D:7:      layout_basic, minmay_temple_entry_gardened_gates
D:8:      layout_cave_pools, minmay_lair_entry_grove,
          minmay_misc_feat_secret_circle, minmay_diced_spiral, uniq_grum,
          uniq_pikel
D:9:      layout_long_grid, mainiacjoe_overflow_boulevard, serial_shops, shop,
          kennysheep_just_a_vault, uniq_erica
D:10:     minmay_the_grid_octo_2x2 [minmay_the_grid_octo_fat_diamond,
          minmay_the_grid_octo_pinwheel, minmay_the_grid_octo_chip,
          minmay_the_grid_octo_prize_square_snowflake], layout_loops_cross
Temple:   nicolae_temple_bog_church

Skill      XL: |  1  2  3  4  5  6  7  8  9 10 11 |
---------------+----------------------------------+-----
Earth Magic    | 4 5 6 7 8 9 10 | 10.7
Spellcasting   | 3 4 5 6 8 9 10 11 | 11.2
Shields        | 2 4 5 6 |  6.8
Conjurations   | 2 4 5 |  5.9
Summonings     | 2 3 5 |  5.0
Necromancy     | 2 3 4 |  4.6
Dodging        | |  1.5
Stealth        | |  2.1
Transmutations | |  0.7

Action                     |  1- 3 |  4- 6 |  7- 9 | 10-12 || total
---------------------------+-------+-------+-------+-------++-------
  Melee: Unarmed           |    32 |       |       |       ||    32
         Punch             |     2 |       |       |       ||     2
         Dagger            |     1 |     7 |    45 |       ||    53
   Cast: Sandblast         |    70 |    95 |   142 |   167 ||   474
         Stone Arrow       |       |       |     1 |    29 ||    30
  Evoke: Wand              |       |       |       |     8 ||     8
    Use: Scroll            |       |     5 |     8 |     3 ||    16
         Potion            |       |       |       |     1 ||     1
 Armour: Robe              |    16 |    23 |    22 |       ||    61
         Steam dragon scal |       |       |    23 |    59 ||    82
  Dodge: Dodged            |    34 |    38 |    30 |    55 ||   157
  Block: Other             |       |     8 |     7 |       ||    15
         Buckler           |       |       |    23 |    39 ||    62
         Reflection        |       |       |     1 |       ||     1

Table legend: (Time is in decaauts)
 A = Elapsed time spent in this place.
 B = Non-inter-level travel time spent in this place.
 C = Inter-level travel time spent in this place.
 D = Time resting spent in this place.
 E = Time spent auto-exploring this place.
 F = Levels seen in this place.
 G = Mean time per level.
                   A        B        C        D        E       F      G
               +--------+--------+--------+--------+--------+-----+--------+
         Total |  10585 |  10208 |    377 |      0 |   8214 |  11 |  962.3 |
       Dungeon |  10385 |  10023 |    362 |      0 |   8058 |  10 | 1038.5 |
        Temple |    199 |    184 |     15 |      0 |    155 |   1 |  199.0 |
               +--------+--------+--------+--------+--------+-----+--------+

Top non-repeatable levels by time:
     D:4: 1424 daAuts
     D:6: 1409 daAuts
     D:1: 1166 daAuts
     D:3: 1149 daAuts
     D:8: 1093 daAuts
     D:5: 1049 daAuts
     D:7: 908 daAuts
     D:9: 871 daAuts
     D:2: 675 daAuts
    D:10: 637 daAuts
  Temple: 199 daAuts
